Blackdemons vs Sewer Rats (R2)

Created - April 23, 2019 at 19:14

Goals
1 2 3 T
Blackdemons 1 2 2 5
Sewer Rats 0 2 0 2
Shots
1 2 3 T
Blackdemons 9 17 8 34
Sewer Rats 17 11 11 39

1st period

1. Blackdemons , Alexei Morozov 41 (Jeffrey Foss 22, Martin Hanzal 71) at 17:45

Penalties :
Jeffrey Foss (MJM) for Hooking (Minor) at 4:57

2nd period

2. Sewer Rats , Mark Mancari 53 (Vincent Trocheck 45) at 1:48
3. Blackdemons , Blake Pietila 37 (Alexei Morozov 57, Patrice Cormier 65) at 5:57 (PP)
4. Sewer Rats , Erik Condra 27 (Jonathan Marchessault 47, Jarred Tinordi 22) at 15:41 (PP)
5. Blackdemons , Zachary Sanford 26 (Patrice Cormier 66, James Livingstone 8) at 19:21

Penalties :
Martin Frk (Tol) for Holding Stick (Minor) at 5:49, Ryan Murphy (Tol) for Hooking (Minor) at 9:14, James Livingstone (MJM) for Holding (Minor) at 14:30

3rd period

6. Blackdemons , Alexei Morozov 42 (Martin Hanzal 72, Blake Pietila 41) at 4:40
7. Blackdemons , Martin Hanzal 57 (Alexei Morozov 58, Blake Pietila 42) at 5:12

Penalties :
Hudson Fasching (MJM) for Roughing (Minor) at 6:41

Goalie Stats

Matt Hackett (MJM), 37 saves from 39 shots - (0.949), W, 40-10-2, 60:00 minutes
Marek Mazanek (Tol), 29 saves from 34 shots - (0.853), L, 40-12-6, 60:00 minutes

Players Stats for Blackdemons

Player Name              G  A  P  +/- PIM S  H  SB GA TA FO     MP     PP MP  PK MP  
------------------------------------------------------------------------------------
Alexandre Grenier        0  0  0   0  0   2  0  0  0  0  0/0     6:51   0:00   0:00 
Alexei Morozov           2  2  4   2  0   7  2  0  1  0  0/0    18:35   1:03   0:00 
Blake Pietila            1  2  3   2  0   3  1  1  0  0  1/2    19:03   1:03   0:21 
Brett Kulak              0  0  0   1  0   0  3  0  0  1  0/0    11:11   0:00   0:00 
Charles-Olivier Roussel  0  0  0   0  0   0  0  0  0  0  0/0     5:44   1:14   0:30 
Hudson Fasching          0  0  0   0  2   0  0  0  1  0  0/0    12:23   1:04   0:00 
James Livingstone        0  1  1   1  2   2  3  0  0  0  1/1    16:53   0:00   0:00 
Jeffrey Foss             0  1  1   1  2   2  0  2  0  1  0/0    18:32   0:53   1:22 
Keaton Ellerby           0  0  0   1  0   1  2  2  0  1  0/0    25:33   1:14   2:50 
Kyle Rau                 0  0  0   0  0   0  0  1  1  0  6/9    13:54   0:00   2:35 
Ladislav Nagy            0  0  0   0  0   1  0  0  1  0  1/1    13:19   0:00   2:13 
Martin Hanzal            1  2  3   2  0   3  2  1  0  0  12/26  18:37   1:04   0:00 
Matt Grzelcyk            0  0  0   0  0   0  0  0  0  0  0/0     6:20   0:00   2:20 
Patrice Cormier          0  2  2   1  0   7  2  1  1  0  12/23  20:26   1:03   2:29 
Robbie Russo             0  0  0   1  0   0  1  0  0  0  0/0    15:40   0:00   0:00 
Scott Timmins            0  0  0   0  0   2  0  0  0  0  1/3     7:03   0:00   0:05 
Sergei Plotnikov         0  0  0   0  0   1  1  0  0  1  0/0     9:39   0:00   2:35 
Tommy Vannelli           0  0  0   1  0   0  0  0  0  0  0/0    11:56   0:00   0:45 
Yannick Weber            0  0  0   1  0   1  0  2  1  0  0/0    25:10   0:53   2:31 
Zachary Sanford          1  0  1   1  0   2  0  1  0  0  0/0    17:59   1:04   0:00 

Players Stats for Sewer Rats

Player Name              G  A  P  +/- PIM S  H  SB GA TA FO     MP     PP MP  PK MP  
------------------------------------------------------------------------------------
Anthony Duclair          0  0  0  -1  0   2  0  0  0  0  0/0    12:23   0:00   0:00 
Connor Carrick           0  0  0  -1  0   0  0  0  0  1  0/0    11:35   0:10   1:11 
Daniel Carr              0  0  0  -1  0   1  3  1  0  0  1/1    16:19   2:21   0:03 
Dmitrij Jaskin           0  0  0  -1  0   1  0  0  0  0  0/0     8:13   0:07   0:00 
Erik Condra              1  0  1  -1  0   4  1  2  1  0  0/1    17:52   2:21   1:12 
Jarred Tinordi           0  1  1   0  0   1  0  1  0  0  0/0    18:23   2:00   0:48 
Joel Edmundson           0  0  0   0  0   2  2  1  0  1  0/0    18:22   2:00   0:47 
John Ramage              0  0  0  -3  0   1  1  3  1  0  0/0    20:44   1:48   0:00 
Jonathan Marchessault    0  1  1  -1  0   1  1  1  0  0  3/11   16:16   2:21   0:00 
Joseph Blandisi          0  0  0  -1  0   0  2  0  0  0  1/1     7:54   0:00   0:00 
Mark Mancari             1  0  1   0  0   5  3  0  0  0  3/4    21:52   2:41   1:15 
Martin Frk               0  0  0  -1  2   4  2  0  2  0  1/2    12:41   0:07   0:00 
Matt Lashoff             0  0  0   0  0   4  1  1  0  1  0/0    25:12   3:09   1:19 
Nick Cousins             0  0  0  -1  0   0  1  0  0  0  0/1     8:44   0:00   0:26 
Ryan Murphy              0  0  0  -2  2   1  0  0  0  1  0/0     8:57   0:00   0:08 
Steven Kampfer           0  0  0   1  0   2  0  1  0  1  0/0     9:10   1:11   0:00 
Tomas Tatar              0  0  0   0  0   5  3  2  0  1  0/3    21:16   2:41   0:39 
Vincent Trocheck         0  1  1   0  0   3  0  0  0  0  20/33  21:16   2:41   0:39 
William Karlsson         0  0  0  -1  0   2  2  1  0  0  2/8    12:42   0:07   0:00 
Xavier Ouellet           0  0  0  -1  0   0  0  0  0  0  0/0     7:59   0:00   0:00 

3 Stars

1 - Alexei Morozov (MJM)
2 - Martin Hanzal (MJM)
3 - Blake Pietila (MJM)

Power Play

Blackdemons - 1 on 3 Attempt(s) - 33.33%
Sewer Rats - 1 on 2 Attempt(s) - 50.00%

Penalty Kill

Blackdemons - 1 on 2 Attempt(s) - 50.00% - Score 0 goal in Penalty Kill
Sewer Rats - 2 on 3 Attempt(s) - 66.67% - Score 0 goal in Penalty Kill

Team Stat

Blackdemons - Hits : 17 - Faceoff Wins : 34 - Blocked Shots : 11 - Penalty Minutes : 6
Sewer Rats - Hits : 22 - Faceoff Wins : 31 - Blocked Shots : 14 - Penalty Minutes : 4

Official

Referees : Unknown
Linesman : Unknown

Game Notes

Steven Kampfer is injured at 2:18 of 2nd period (Sprained Right Ankle)
10:00 of 2nd period - Penalty Shot by Jarred Tinordi for Sewer Rats - Stopped by Matt Hackett

Finance

Level 1 -- Attendance: 1489 (74.45%) -- Ticket Income $52,115
Level 2 -- Attendance: 775 (77.50%) -- Ticket Income $13,175
Total Attendance: 2264 (75.47%)
Total Ticket Income: $65,290
Other Income: $3,264
Total Income: $68,554

Blackdemons

5 vs 5 Forward 
   Center                   Left Wing                Right Wing               Time % Phy DF OF 
 1 Martin Hanzal            Blake Pietila            Alexei Morozov           34     0   1  4  
 2 Patrice Cormier          Zachary Sanford          James Livingstone        33     0   1  4  
 3 Kyle Rau                 Ladislav Nagy            Hudson Fasching          22     0   2  3  
 4 Scott Timmins            Sergei Plotnikov         Alexandre Grenier        11     0   1  4  

5 vs 5 Defense 
   Defense                  Defense                                           Time % Phy DF OF 
 1 Keaton Ellerby           Yannick Weber                                     40     0   4  1  
 2 Jeffrey Foss             Robbie Russo                                      30     0   4  1  
 3 Brett Kulak              Tommy Vannelli                                    22     0   5  0  
 4 Matt Grzelcyk            Charles-Olivier Roussel                           8      0   5  0  

PowerPlay Forward 
   Center                   Left Wing                Right Wing               Time % Phy DF OF 
 1 Patrice Cormier          Blake Pietila            Alexei Morozov           50     0   0  5  
 2 Martin Hanzal            Zachary Sanford          Hudson Fasching          50     0   0  5  

PowerPlay Defense
   Defense                  Defense                                           Time % Phy DF OF 
 1 Jeffrey Foss             Yannick Weber                                     50     0   1  4  
 2 Keaton Ellerby           Charles-Olivier Roussel                           50     0   1  4  

Penalty Kill 4 Players Forward 
   Center                   Wing                     Time % Phy DF OF 
 1 Patrice Cormier          Ladislav Nagy            50     0   5  0  
 2 Kyle Rau                 Sergei Plotnikov         50     0   5  0  

Penalty Kill 4 Players Defense
   Defense                  Defense                  Time % Phy DF OF 
 1 Yannick Weber            Jeffrey Foss             50     0   5  0  
 2 Matt Grzelcyk            Keaton Ellerby           50     0   5  0  

Penalty Kill - 3 Players Forward 
   Forward                                           Time % Phy DF OF 
 1 Patrice Cormier                                   60     0   5  0  
 2 Martin Hanzal                                     40     0   5  0  

Penalty Kill - 3 Players Defense
   Defense                  Defense                  Time % Phy DF OF 
 1 Yannick Weber            Matt Grzelcyk            60     0   5  0  
 2 Jeffrey Foss             Keaton Ellerby           40     0   5  0  

4 vs 4 Forward 
   Center                   Wing                     Time % Phy DF OF 
 1 Kyle Rau                 Martin Hanzal            50     1   2  2  
 2 Ladislav Nagy            Patrice Cormier          50     1   2  2  

4 vs 4 Defense
   Defense                  Defense                  Time % Phy DF OF 
 1 Keaton Ellerby           Robbie Russo             50     1   2  2  
 2 Yannick Weber            Jeffrey Foss             50     1   2  2  

Last Minutes Offensive
   Center                   Left Wing                Right Wing               Defense                  Defense                  
   Martin Hanzal            Ladislav Nagy            Alexei Morozov           Jeffrey Foss             Keaton Ellerby           

Last Minutes Defensive
   Center                   Left Wing                Right Wing               Defense                  Defense                  
   Martin Hanzal            Ladislav Nagy            Alexei Morozov           Jeffrey Foss             Keaton Ellerby           

Goaltenders
Starting : Matt Hackett             
Backup : Laurent Brossoit         

Extra Forwards
Normal : Martin Hanzal, Scott Timmins, Ladislav Nagy - PP : Martin Hanzal, Scott Timmins - PK : Patrice Cormier
Extra Defensemen
Normal : Yannick Weber, Keaton Ellerby, Jeffrey Foss - PP : Yannick Weber - PK : Keaton Ellerby, Jeffrey Foss
Penalty Shots
Martin Hanzal, Ladislav Nagy, Sergei Plotnikov, Hudson Fasching, Patrice Cormier

Scratches
Max Friberg (Sprained Right Finger Injury), Christophe Lalancette (Healthy), Klas Dahlbeck (Healthy), Remi Elie (Healthy), Jyrki Jokipakka (Healthy)
Mackenzie MacEachern (Healthy), Ben Maxwell (Healthy), Nicolas Deschamps (Healthy), Angelo Esposito (Healthy), Jacob Lagacé (Healthy)
Roman Josi (Right Foot Injury), Ebbe Siönäs (Healthy), Sami Aittokallio (Healthy), Jeremy Smith (Healthy)

Sewer Rats

5 vs 5 Forward 
   Center                   Left Wing                Right Wing               Time % Phy DF OF 
 1 Vincent Trocheck         Tomas Tatar              Mark Mancari             40     1   2  2  
 2 Jonathan Marchessault    Daniel Carr              Erik Condra              30     1   2  2  
 3 William Karlsson         Anthony Duclair          Martin Frk               20     1   2  2  
 4 Nick Cousins             Joseph Blandisi          Dmitrij Jaskin           10     1   2  2  

5 vs 5 Defense 
   Defense                  Defense                                           Time % Phy DF OF 
 1 Matt Lashoff             Steven Kampfer                                    40     1   2  2  
 2 Jarred Tinordi           Joel Edmundson                                    30     1   2  2  
 3 John Ramage              Ryan Murphy                                       20     1   2  2  
 4 Connor Carrick           Xavier Ouellet                                    10     1   2  2  

PowerPlay Forward 
   Center                   Left Wing                Right Wing               Time % Phy DF OF 
 1 Vincent Trocheck         Tomas Tatar              Mark Mancari             60     1   2  2  
 2 Jonathan Marchessault    Daniel Carr              Erik Condra              40     1   2  2  

PowerPlay Defense
   Defense                  Defense                                           Time % Phy DF OF 
 1 Matt Lashoff             Steven Kampfer                                    60     1   2  2  
 2 Jarred Tinordi           Joel Edmundson                                    40     1   2  2  

Penalty Kill 4 Players Forward 
   Center                   Wing                     Time % Phy DF OF 
 1 Mark Mancari             Erik Condra              60     1   2  2  
 2 Tomas Tatar              Vincent Trocheck         40     1   2  2  

Penalty Kill 4 Players Defense
   Defense                  Defense                  Time % Phy DF OF 
 1 Matt Lashoff             Steven Kampfer           60     1   2  2  
 2 Jarred Tinordi           Joel Edmundson           40     1   2  2  

Penalty Kill - 3 Players Forward 
   Forward                                           Time % Phy DF OF 
 1 Mark Mancari                                      60     1   2  2  
 2 Erik Condra                                       40     1   2  2  

Penalty Kill - 3 Players Defense
   Defense                  Defense                  Time % Phy DF OF 
 1 Matt Lashoff             Steven Kampfer           60     1   2  2  
 2 Jarred Tinordi           Joel Edmundson           40     1   2  2  

4 vs 4 Forward 
   Center                   Wing                     Time % Phy DF OF 
 1 Mark Mancari             Erik Condra              60     1   2  2  
 2 Tomas Tatar              Vincent Trocheck         40     1   2  2  

4 vs 4 Defense
   Defense                  Defense                  Time % Phy DF OF 
 1 Matt Lashoff             Steven Kampfer           60     1   2  2  
 2 Jarred Tinordi           Joel Edmundson           40     1   2  2  

Last Minutes Offensive
   Center                   Left Wing                Right Wing               Defense                  Defense                  
   Vincent Trocheck         Tomas Tatar              Mark Mancari             Matt Lashoff             Steven Kampfer           

Last Minutes Defensive
   Center                   Left Wing                Right Wing               Defense                  Defense                  
   Vincent Trocheck         Tomas Tatar              Mark Mancari             Matt Lashoff             Steven Kampfer           

Goaltenders
Starting : Marek Mazanek            
Backup : Antoine Bibeau           

Extra Forwards
Normal : William Karlsson, Martin Frk, Nick Cousins - PP : William Karlsson, Martin Frk - PK : Nick Cousins
Extra Defensemen
Normal : John Ramage, Ryan Murphy, Connor Carrick - PP : John Ramage - PK : Ryan Murphy, Connor Carrick
Penalty Shots
Mark Mancari, Erik Condra, Tomas Tatar, Vincent Trocheck, Jonathan Marchessault

Scratches
Dominik Kubalik (Healthy), Josh Archibald (Healthy), Jonathan Racine (Healthy), Tyler Motte (Healthy), Chris Calhan (Healthy)
Sergei Kostenko (Healthy)

% Time on Ice - Blackdemons

Lines # - Real PCT - Wanted PCT - Time Play
Normal Forward
1 - 33% - 34% - 17:32
2 - 33% - 33% - 17:15
3 - 21% - 22% - 11:06
4 - 13% - 11% - 6:51
Normal Defense
1 - 41% - 40% - 21:46
2 - 30% - 30% - 15:54
3 - 21% - 22% - 11:11
4 - 7% - 8% - 3:53
PP Forward
1 - 50% - 50% - 1:03
2 - 50% - 50% - 1:04
PP Defense
1 - 42% - 50% - 0:53
2 - 58% - 50% - 1:14
PK Forward
1 - 48% - 50% - 2:29
2 - 52% - 50% - 2:40
PK Defense
1 - 55% - 50% - 2:49
2 - 45% - 50% - 2:20
PK3 Forward
1 - 0% - 60%
2 - 0% - 40%
PK3 Defense
1 - 0% - 60%
2 - 0% - 40%
44 Forward
1 - 0% - 50%
2 - 0% - 50%
44 Defense
1 - 0% - 50%
2 - 0% - 50%
Last Minute Offensive  - 0:00
Last Minute Defensive  - 0:00
Total
Forward - 60:00
Defense - 60:00

% Time on Ice - Sewer Rats

Lines # - Real PCT - Wanted PCT - Time Play
Normal Forward
1 - 35% - 40% - 18:32
2 - 26% - 30% - 13:55
3 - 23% - 20% - 12:23
4 - 15% - 10% - 7:54
Normal Defense
1 - 39% - 40% - 20:44
2 - 30% - 30% - 15:35
3 - 16% - 20% - 8:26
4 - 15% - 10% - 7:59
PP Forward
1 - 54% - 60% - 2:48
2 - 46% - 40% - 2:21
PP Defense
1 - 61% - 60% - 3:09
2 - 39% - 40% - 2:00
PK Forward
1 - 69% - 60% - 1:28
2 - 31% - 40% - 0:39
PK Defense
1 - 62% - 60% - 1:19
2 - 38% - 40% - 0:48
PK3 Forward
1 - 0% - 60%
2 - 0% - 40%
PK3 Defense
1 - 0% - 60%
2 - 0% - 40%
44 Forward
1 - 0% - 60%
2 - 0% - 40%
44 Defense
1 - 0% - 60%
2 - 0% - 40%
Last Minute Offensive  - 0:00
Last Minute Defensive  - 0:00
Total
Forward - 60:00
Defense - 60:00

Play-by-Play

1st period


0:01 of 1st period - Vincent Trocheck wins face-off versus Martin Hanzal in neutral zone.
0:14 of 1st period - Slapshot by Martin Hanzal.
0:14 of 1st period - Shot Blocked by Matt Lashoff.
0:26 of 1st period - Yannick Weber is hit by Daniel Carr and loses puck.
0:33 of 1st period - Slapshot by Jonathan Marchessault.
0:33 of 1st period - Shot Blocked by Yannick Weber.
0:35 of 1st period - Slapshot by Daniel Carr.
0:35 of 1st period - Shot Misses the Net.
0:37 of 1st period - Slapshot by Jarred Tinordi.
0:37 of 1st period - Stopped by Matt Hackett without a rebound.
0:38 of 1st period - Kyle Rau wins face-off versus William Karlsson in Blackdemons zone.
1:05 of 1st period - Jeffrey Foss is hit by Nick Cousins and loses puck.
1:49 of 1st period - Wrist shot by Alexei Morozov.
1:49 of 1st period - Stopped by Marek Mazanek without a rebound.
1:50 of 1st period - Vincent Trocheck wins face-off versus Martin Hanzal in Sewer Rats zone.
1:59 of 1st period - Slapshot by Matt Lashoff.
1:59 of 1st period - Shot Misses the Net.
2:03 of 1st period - Backhand shot by Tomas Tatar.
2:03 of 1st period - Stopped by Matt Hackett with a rebound.
4:23 of 1st period - Icing by Keaton Ellerby.
4:24 of 1st period - Vincent Trocheck wins face-off versus Martin Hanzal in Blackdemons zone.
4:50 of 1st period - Wrist shot by Vincent Trocheck.
4:50 of 1st period - Stopped by Matt Hackett without a rebound.
4:51 of 1st period - Daniel Carr wins face-off versus Patrice Cormier in Blackdemons zone.
4:57 of 1st period - Minor Penalty to Jeffrey Foss for Hooking.
4:58 of 1st period - Patrice Cormier wins face-off versus Vincent Trocheck in Blackdemons zone.
5:12 of 1st period - Snap shot by Mark Mancari.
5:12 of 1st period - Stopped by Matt Hackett with a rebound.
5:14 of 1st period - Wrist shot by Steven Kampfer.
5:14 of 1st period - Deflect By Vincent Trocheck.
5:14 of 1st period - Stopped by Matt Hackett with a rebound.
5:44 of 1st period - Yannick Weber is hit by Tomas Tatar and loses puck.
6:57 of 1st period - Penalty to Jeffrey Foss is over, Jeffrey Foss is back on ice.
7:03 of 1st period - Icing by Jarred Tinordi.
7:04 of 1st period - Martin Hanzal wins face-off versus William Karlsson in Sewer Rats zone.
7:09 of 1st period - Snap shot by Martin Hanzal.
7:09 of 1st period - Deflect By Alexei Morozov.
7:09 of 1st period - Stopped by Marek Mazanek with a rebound.
7:15 of 1st period - Robbie Russo is hit by William Karlsson and loses puck.
7:59 of 1st period - Snap shot by Patrice Cormier.
7:59 of 1st period - Shot Misses the Net.
9:11 of 1st period - Slapshot by Jonathan Marchessault.
9:11 of 1st period - Shot Blocked by Keaton Ellerby.
9:13 of 1st period - Slapshot by Matt Lashoff.
9:13 of 1st period - Shot Blocked by Patrice Cormier.
9:15 of 1st period - Wrist shot by Mark Mancari.
9:15 of 1st period - Shot Blocked by Zachary Sanford.
9:17 of 1st period - Snap shot by Matt Lashoff.
9:17 of 1st period - Stopped by Matt Hackett without a rebound.
9:18 of 1st period - Martin Hanzal wins face-off versus Jonathan Marchessault in Blackdemons zone.
9:31 of 1st period - Snap shot by Alexei Morozov.
9:31 of 1st period - Shot Misses the Net.
9:56 of 1st period - Snap shot by Mark Mancari.
9:56 of 1st period - Stopped by Matt Hackett without a rebound.
9:57 of 1st period - Ladislav Nagy wins face-off versus William Karlsson in Blackdemons zone.
10:02 of 1st period - Snap shot by William Karlsson.
10:02 of 1st period - Stopped by Matt Hackett with a rebound.
10:04 of 1st period - Slapshot by Matt Lashoff.
10:04 of 1st period - Shot Misses the Net.
10:06 of 1st period - Snap shot by Matt Lashoff.
10:06 of 1st period - Shot Blocked by Keaton Ellerby.
10:08 of 1st period - Snap shot by Steven Kampfer.
10:08 of 1st period - Stopped by Matt Hackett with a rebound.
10:10 of 1st period - Snap shot by William Karlsson.
10:10 of 1st period - Stopped by Matt Hackett without a rebound.
10:11 of 1st period - Vincent Trocheck wins face-off versus Patrice Cormier in Blackdemons zone.
10:26 of 1st period - Snap shot by Zachary Sanford.
10:26 of 1st period - Shot Blocked by Tomas Tatar.
10:40 of 1st period - Wrist shot by Daniel Carr.
10:40 of 1st period - Stopped by Matt Hackett with a rebound.
10:58 of 1st period - Slapshot by Steven Kampfer.
10:58 of 1st period - Stopped by Matt Hackett without a rebound.
10:59 of 1st period - Kyle Rau wins face-off versus Nick Cousins in Blackdemons zone.
12:29 of 1st period - Snap shot by Ladislav Nagy.
12:29 of 1st period - Stopped by Marek Mazanek with a rebound.
12:31 of 1st period - Wrist shot by Kyle Rau.
12:31 of 1st period - Deflect By Ladislav Nagy.
12:31 of 1st period - Shot Misses the Net.
12:31 of 1st period - Puck is out of play.
12:32 of 1st period - James Livingstone wins face-off versus Tomas Tatar in Sewer Rats zone.
12:47 of 1st period - Wrist shot by Tomas Tatar.
12:47 of 1st period - Stopped by Matt Hackett with a rebound.
13:25 of 1st period - Snap shot by Patrice Cormier.
13:25 of 1st period - Shot Blocked by Jonathan Marchessault.
13:39 of 1st period - Backhand shot by Patrice Cormier.
13:39 of 1st period - Stopped by Marek Mazanek with a rebound.
13:41 of 1st period - Wrist shot by Patrice Cormier.
13:41 of 1st period - Shot Blocked by Tomas Tatar.
14:20 of 1st period - Wrist shot by Martin Frk.
14:20 of 1st period - Stopped by Matt Hackett without a rebound.
14:21 of 1st period - Scott Timmins wins face-off versus Martin Frk in Blackdemons zone.
14:28 of 1st period - Snap shot by Alexandre Grenier.
14:28 of 1st period - Shot Blocked by William Karlsson.
15:43 of 1st period - Snap shot by Tomas Tatar.
15:43 of 1st period - Shot Misses the Net.
15:45 of 1st period - Slapshot by Mark Mancari.
15:45 of 1st period - Shot Misses the Net.
15:47 of 1st period - Snap shot by Tomas Tatar.
15:47 of 1st period - Stopped by Matt Hackett with a rebound.
15:49 of 1st period - Slapshot by Vincent Trocheck.
15:49 of 1st period - Shot Blocked by Martin Hanzal.
15:51 of 1st period - Slapshot by Vincent Trocheck.
15:51 of 1st period - Shot Misses the Net.
17:05 of 1st period - Off-side.
17:06 of 1st period - Martin Hanzal wins face-off versus Jonathan Marchessault in neutral zone.
17:41 of 1st period - Snap shot by Alexei Morozov.
17:41 of 1st period - Stopped by Marek Mazanek with a rebound.
17:45 of 1st period - Snap shot by Alexei Morozov.
17:45 of 1st period - Deflect By Ryan Murphy.
17:45 of 1st period - Goal by Alexei Morozov - Blackdemons : 1 - Sewer Rats : 0.
17:46 of 1st period - Patrice Cormier wins face-off versus Mark Mancari in neutral zone.
17:49 of 1st period - Snap shot by Yannick Weber.
17:49 of 1st period - Deflect By James Livingstone.
17:49 of 1st period - Stopped by Marek Mazanek with a rebound.
18:13 of 1st period - Hudson Fasching is hit by Jonathan Marchessault.
18:37 of 1st period - Slapshot by Martin Hanzal.
18:37 of 1st period - Shot Misses the Net.
18:39 of 1st period - Snap shot by Martin Hanzal.
18:39 of 1st period - Shot Misses the Net.
18:41 of 1st period - Slapshot by Tommy Vannelli.
18:41 of 1st period - Shot Misses the Net.
18:43 of 1st period - Snap shot by Blake Pietila.
18:43 of 1st period - Stopped by Marek Mazanek with a rebound.
19:01 of 1st period - Snap shot by Scott Timmins.
19:01 of 1st period - Shot Blocked by Steven Kampfer.
19:03 of 1st period - Snap shot by Scott Timmins.
19:03 of 1st period - Deflect By Steven Kampfer.
19:03 of 1st period - Stopped by Marek Mazanek with a rebound.
19:13 of 1st period - Wrist shot by Vincent Trocheck.
19:13 of 1st period - Stopped by Matt Hackett without a rebound.
19:14 of 1st period - Vincent Trocheck wins face-off versus Patrice Cormier in Blackdemons zone.
19:19 of 1st period - Snap shot by Mark Mancari.
19:19 of 1st period - Stopped by Matt Hackett without a rebound.
19:20 of 1st period - Vincent Trocheck wins face-off versus Martin Hanzal in Blackdemons zone.
19:33 of 1st period - Wrist shot by Tomas Tatar.
19:33 of 1st period - Shot Misses the Net.
Goals for this period are 1 for Blackdemons vs 0 for Sewer Rats.
Shots for this period are 9 for Blackdemons vs 17 for Sewer Rats.

2nd period


0:01 of 2nd period - Vincent Trocheck wins face-off versus Martin Hanzal in neutral zone.
0:13 of 2nd period - Snap shot by Martin Hanzal.
0:13 of 2nd period - Stopped by Marek Mazanek without a rebound.
0:14 of 2nd period - Vincent Trocheck wins face-off versus Patrice Cormier in Sewer Rats zone.
0:41 of 2nd period - Erik Condra is hit by Blake Pietila and loses puck.
0:48 of 2nd period - Wrist shot by Alexei Morozov.
0:48 of 2nd period - Stopped by Marek Mazanek with a rebound.
1:08 of 2nd period - Wrist shot by Martin Frk.
1:08 of 2nd period - Stopped by Matt Hackett with a rebound.
1:21 of 2nd period - Icing by Yannick Weber.
1:22 of 2nd period - Kyle Rau wins face-off versus Vincent Trocheck in Blackdemons zone.
1:24 of 2nd period - Icing by Keaton Ellerby.
1:25 of 2nd period - Vincent Trocheck wins face-off versus Patrice Cormier in Blackdemons zone.
1:48 of 2nd period - Slapshot by Mark Mancari.
1:48 of 2nd period - Goal by Mark Mancari - Blackdemons : 1 - Sewer Rats : 1.
1:49 of 2nd period - Vincent Trocheck wins face-off versus Martin Hanzal in neutral zone.
2:07 of 2nd period - Tommy Vannelli is hit by Mark Mancari.
2:17 of 2nd period - Steven Kampfer is hit by Patrice Cormier and loses puck.
2:18 of 2nd period - Steven Kampfer from Sewer Rats is injured at 2:18 of 2nd period (Sprained Right Ankle).
2:19 of 2nd period - Vincent Trocheck wins face-off versus Patrice Cormier in Sewer Rats zone.
2:19 of 2nd period - Vincent Trocheck is hit by James Livingstone.
2:25 of 2nd period - Snap shot by Patrice Cormier.
2:25 of 2nd period - Stopped by Marek Mazanek with a rebound.
2:27 of 2nd period - Wrist shot by Patrice Cormier.
2:27 of 2nd period - Shot Misses the Net.
2:29 of 2nd period - Wrist shot by James Livingstone.
2:29 of 2nd period - Shot Blocked by John Ramage.
2:31 of 2nd period - Wrist shot by James Livingstone.
2:31 of 2nd period - Shot Misses the Net.
2:33 of 2nd period - Snap shot by Jeffrey Foss.
2:33 of 2nd period - Stopped by Marek Mazanek with a rebound.
2:35 of 2nd period - Snap shot by Patrice Cormier.
2:35 of 2nd period - Stopped by Marek Mazanek without a rebound.
2:36 of 2nd period - Jonathan Marchessault wins face-off versus Martin Hanzal in Sewer Rats zone.
3:09 of 2nd period - Mark Mancari is hit by James Livingstone and loses puck.
3:19 of 2nd period - Icing by Yannick Weber.
3:20 of 2nd period - William Karlsson wins face-off versus Kyle Rau in Blackdemons zone.
3:35 of 2nd period - Snap shot by William Karlsson.
3:35 of 2nd period - Shot Misses the Net.
3:51 of 2nd period - Vincent Trocheck is hit by Alexei Morozov.
4:47 of 2nd period - Jarred Tinordi is hit by Sergei Plotnikov and loses puck.
5:19 of 2nd period - Jonathan Marchessault is hit by Brett Kulak and loses puck.
5:34 of 2nd period - Snap shot by Zachary Sanford.
5:34 of 2nd period - Stopped by Marek Mazanek without a rebound.
5:35 of 2nd period - William Karlsson wins face-off versus Patrice Cormier in Sewer Rats zone.
5:49 of 2nd period - Minor Penalty to Martin Frk for Holding Stick.
5:50 of 2nd period - Patrice Cormier wins face-off versus Erik Condra in Sewer Rats zone.
5:55 of 2nd period - Wrist shot by Alexei Morozov.
5:55 of 2nd period - Shot Blocked by Erik Condra.
5:57 of 2nd period - Snap shot by Blake Pietila.
5:57 of 2nd period - Goal by Blake Pietila - Blackdemons : 2 - Sewer Rats : 1.
5:58 of 2nd period - Vincent Trocheck wins face-off versus Blake Pietila in neutral zone.
6:23 of 2nd period - Jonathan Marchessault is hit by Robbie Russo.
6:54 of 2nd period - Snap shot by Dmitrij Jaskin.
6:54 of 2nd period - Deflect By Joseph Blandisi.
6:54 of 2nd period - Shot Misses the Net.
6:54 of 2nd period - Puck is out of play.
6:55 of 2nd period - Martin Hanzal wins face-off versus Vincent Trocheck in Blackdemons zone.
7:04 of 2nd period - Wrist shot by Mark Mancari.
7:04 of 2nd period - Shot Blocked by Blake Pietila.
7:06 of 2nd period - Slapshot by Tomas Tatar.
7:06 of 2nd period - Stopped by Matt Hackett with a rebound.
7:08 of 2nd period - Snap shot by Tomas Tatar.
7:08 of 2nd period - Shot Misses the Net.
7:10 of 2nd period - Slapshot by Matt Lashoff.
7:10 of 2nd period - Shot Blocked by Jeffrey Foss.
7:20 of 2nd period - James Livingstone is hit by Matt Lashoff and loses puck.
7:29 of 2nd period - Snap shot by Erik Condra.
7:29 of 2nd period - Stopped by Matt Hackett without a rebound.
7:30 of 2nd period - Martin Hanzal wins face-off versus Vincent Trocheck in Blackdemons zone.
7:41 of 2nd period - Snap shot by Vincent Trocheck.
7:41 of 2nd period - Deflect By Mark Mancari.
7:41 of 2nd period - Shot Misses the Net.
7:41 of 2nd period - Puck is out of play.
7:42 of 2nd period - Vincent Trocheck wins face-off versus Patrice Cormier in Blackdemons zone.
8:07 of 2nd period - Martin Hanzal is hit by Erik Condra and loses puck.
8:34 of 2nd period - Brett Kulak is hit by Joel Edmundson and loses puck.
9:14 of 2nd period - Minor Penalty to Ryan Murphy for Hooking.
9:15 of 2nd period - Mark Mancari wins face-off versus Martin Hanzal in Sewer Rats zone.
10:00 of 2nd period - Penalty Shot by Jarred Tinordi for Sewer Rats.
10:00 of 2nd period - Wrist shot by Jarred Tinordi.
10:00 of 2nd period - Stopped by Matt Hackett.
10:01 of 2nd period - Mark Mancari wins face-off versus Martin Hanzal in Sewer Rats zone.
10:59 of 2nd period - Alexei Morozov is hit by Tomas Tatar and loses puck.
11:14 of 2nd period - Penalty to Ryan Murphy is over, Ryan Murphy is back on ice.
11:18 of 2nd period - Matt Lashoff is hit by Keaton Ellerby and loses puck.
11:27 of 2nd period - Wrist shot by Sergei Plotnikov.
11:27 of 2nd period - Deflect By Alexandre Grenier.
11:27 of 2nd period - Stopped by Marek Mazanek with a rebound.
11:29 of 2nd period - Snap shot by Alexandre Grenier.
11:29 of 2nd period - Stopped by Marek Mazanek with a rebound.
11:31 of 2nd period - Wrist shot by Alexandre Grenier.
11:31 of 2nd period - Deflect By Scott Timmins.
11:31 of 2nd period - Stopped by Marek Mazanek with a rebound.
11:45 of 2nd period - Snap shot by Martin Frk.
11:45 of 2nd period - Shot Misses the Net.
12:25 of 2nd period - Snap shot by William Karlsson.
12:25 of 2nd period - Shot Hit the Post.
13:02 of 2nd period - William Karlsson is hit by Keaton Ellerby and loses puck.
13:19 of 2nd period - Wrist shot by Yannick Weber.
13:19 of 2nd period - Shot Blocked by Erik Condra.
13:21 of 2nd period - Snap shot by Patrice Cormier.
13:21 of 2nd period - Stopped by Marek Mazanek with a rebound.
13:23 of 2nd period - Slapshot by Yannick Weber.
13:23 of 2nd period - Shot Blocked by Joel Edmundson.
13:25 of 2nd period - Slapshot by Yannick Weber.
13:25 of 2nd period - Stopped by Marek Mazanek with a rebound.
13:27 of 2nd period - Slapshot by James Livingstone.
13:27 of 2nd period - Stopped by Marek Mazanek with a rebound.
13:42 of 2nd period - Snap shot by Dmitrij Jaskin.
13:42 of 2nd period - Stopped by Matt Hackett without a rebound.
13:43 of 2nd period - Martin Hanzal wins face-off versus Vincent Trocheck in Blackdemons zone.
13:43 of 2nd period - Martin Hanzal is hit by Mark Mancari.
13:51 of 2nd period - Wrist shot by Mark Mancari.
13:51 of 2nd period - Shot Misses the Net.
13:55 of 2nd period - Snap shot by Vincent Trocheck.
13:55 of 2nd period - Shot Misses the Net.
13:57 of 2nd period - Slapshot by Vincent Trocheck.
13:57 of 2nd period - Shot Misses the Net.
14:11 of 2nd period - Snap shot by Nick Cousins.
14:11 of 2nd period - Shot Misses the Net.
14:13 of 2nd period - Slapshot by Matt Lashoff.
14:13 of 2nd period - Stopped by Matt Hackett without a rebound.
14:14 of 2nd period - Joseph Blandisi wins face-off versus Patrice Cormier in Blackdemons zone.
14:23 of 2nd period - Snap shot by Dmitrij Jaskin.
14:23 of 2nd period - Shot Hit the Post.
14:30 of 2nd period - Minor Penalty to James Livingstone for Holding.
14:31 of 2nd period - Vincent Trocheck wins face-off versus Kyle Rau in Blackdemons zone.
14:33 of 2nd period - Snap shot by Tomas Tatar.
14:33 of 2nd period - Deflect By Mark Mancari.
14:33 of 2nd period - Deflect By Matt Grzelcyk.
14:33 of 2nd period - Stopped by Matt Hackett without a rebound.
14:34 of 2nd period - Kyle Rau wins face-off versus Tomas Tatar in Blackdemons zone.
15:09 of 2nd period - Wrist shot by Daniel Carr.
15:09 of 2nd period - Deflect By Jonathan Marchessault.
15:09 of 2nd period - Stopped by Matt Hackett without a rebound.
15:10 of 2nd period - Patrice Cormier wins face-off versus Vincent Trocheck in Blackdemons zone.
15:41 of 2nd period - Snap shot by Erik Condra.
15:41 of 2nd period - Goal by Erik Condra - Blackdemons : 2 - Sewer Rats : 2.
15:42 of 2nd period - Mark Mancari wins face-off versus Martin Hanzal in neutral zone.
16:07 of 2nd period - Yannick Weber is hit by Martin Frk and loses puck.
16:53 of 2nd period - Snap shot by Tomas Tatar.
16:53 of 2nd period - Shot Misses the Net.
16:55 of 2nd period - Snap shot by Joel Edmundson.
16:55 of 2nd period - Stopped by Matt Hackett without a rebound.
16:56 of 2nd period - Vincent Trocheck wins face-off versus Scott Timmins in Blackdemons zone.
17:09 of 2nd period - Snap shot by Mark Mancari.
17:09 of 2nd period - Shot Misses the Net.
17:11 of 2nd period - Slapshot by Joel Edmundson.
17:11 of 2nd period - Stopped by Matt Hackett with a rebound.
17:21 of 2nd period - William Karlsson is hit by Martin Hanzal and loses puck.
17:44 of 2nd period - Wrist shot by Zachary Sanford.
17:44 of 2nd period - Shot Misses the Net.
17:46 of 2nd period - Snap shot by Patrice Cormier.
17:46 of 2nd period - Stopped by Marek Mazanek without a rebound.
17:47 of 2nd period - Patrice Cormier wins face-off versus Jonathan Marchessault in Sewer Rats zone.
18:10 of 2nd period - Zachary Sanford is hit by John Ramage.
18:14 of 2nd period - Yannick Weber is hit by Daniel Carr and loses puck.
18:21 of 2nd period - Backhand shot by Jonathan Marchessault.
18:21 of 2nd period - Shot Misses the Net.
18:49 of 2nd period - Wrist shot by Patrice Cormier.
18:49 of 2nd period - Shot Blocked by Daniel Carr.
18:51 of 2nd period - Slapshot by Yannick Weber.
18:51 of 2nd period - Shot Misses the Net.
18:53 of 2nd period - Slapshot by Keaton Ellerby.
18:53 of 2nd period - Stopped by Marek Mazanek with a rebound.
19:01 of 2nd period - Snap shot by Patrice Cormier.
19:01 of 2nd period - Shot Misses the Net.
19:19 of 2nd period - Wrist shot by Patrice Cormier.
19:19 of 2nd period - Stopped by Marek Mazanek with a rebound.
19:21 of 2nd period - Slapshot by Zachary Sanford.
19:21 of 2nd period - Goal by Zachary Sanford - Blackdemons : 3 - Sewer Rats : 2.
19:22 of 2nd period - Vincent Trocheck wins face-off versus Martin Hanzal in neutral zone.
Goals for this period are 2 for Blackdemons vs 2 for Sewer Rats.
Shots for this period are 17 for Blackdemons vs 11 for Sewer Rats.

3rd period


0:01 of 3rd period - Vincent Trocheck wins face-off versus Martin Hanzal in neutral zone.
0:25 of 3rd period - Jonathan Marchessault is hit by James Livingstone and loses puck.
0:50 of 3rd period - Snap shot by William Karlsson.
0:50 of 3rd period - Shot Misses the Net.
1:36 of 3rd period - Wrist shot by Tomas Tatar.
1:36 of 3rd period - Stopped by Matt Hackett without a rebound.
1:37 of 3rd period - Vincent Trocheck wins face-off versus Patrice Cormier in Blackdemons zone.
1:47 of 3rd period - Icing by Jeffrey Foss.
1:48 of 3rd period - Patrice Cormier wins face-off versus Vincent Trocheck in Blackdemons zone.
2:33 of 3rd period - Patrice Cormier is hit by Daniel Carr and loses puck.
3:24 of 3rd period - Snap shot by Zachary Sanford.
3:24 of 3rd period - Shot Blocked by Jarred Tinordi.
3:26 of 3rd period - Slapshot by Patrice Cormier.
3:26 of 3rd period - Stopped by Marek Mazanek without a rebound.
3:27 of 3rd period - Martin Hanzal wins face-off versus Vincent Trocheck in Sewer Rats zone.
4:13 of 3rd period - Wrist shot by Sergei Plotnikov.
4:13 of 3rd period - Stopped by Marek Mazanek with a rebound.
4:15 of 3rd period - Slapshot by Tommy Vannelli.
4:15 of 3rd period - Shot Blocked by John Ramage.
4:33 of 3rd period - Dmitrij Jaskin is hit by Brett Kulak and loses puck.
4:40 of 3rd period - Wrist shot by Alexei Morozov.
4:40 of 3rd period - Goal by Alexei Morozov - Blackdemons : 4 - Sewer Rats : 2.
4:41 of 3rd period - Martin Hanzal wins face-off versus Vincent Trocheck in neutral zone.
4:50 of 3rd period - Slapshot by Matt Lashoff.
4:50 of 3rd period - Stopped by Matt Hackett without a rebound.
4:51 of 3rd period - Martin Hanzal wins face-off versus Vincent Trocheck in Blackdemons zone.
5:10 of 3rd period - Snap shot by Martin Hanzal.
5:10 of 3rd period - Shot Misses the Net.
5:12 of 3rd period - Wrist shot by Martin Hanzal.
5:12 of 3rd period - Goal by Martin Hanzal - Blackdemons : 5 - Sewer Rats : 2.
5:13 of 3rd period - Vincent Trocheck wins face-off versus Martin Hanzal in neutral zone.
5:16 of 3rd period - Snap shot by Tomas Tatar.
5:16 of 3rd period - Shot Misses the Net.
5:26 of 3rd period - Snap shot by Mark Mancari.
5:26 of 3rd period - Shot Misses the Net.
5:28 of 3rd period - Snap shot by Tomas Tatar.
5:28 of 3rd period - Deflect By Vincent Trocheck.
5:28 of 3rd period - Shot Misses the Net.
5:28 of 3rd period - Puck is out of play.
5:29 of 3rd period - Kyle Rau wins face-off versus Jonathan Marchessault in Blackdemons zone.
5:54 of 3rd period - Vincent Trocheck is hit by Alexei Morozov and loses puck.
5:59 of 3rd period - Wrist shot by Martin Hanzal.
5:59 of 3rd period - Shot Misses the Net.
6:01 of 3rd period - Slapshot by Martin Hanzal.
6:01 of 3rd period - Stopped by Marek Mazanek with a rebound.
6:03 of 3rd period - Snap shot by Blake Pietila.
6:03 of 3rd period - Stopped by Marek Mazanek with a rebound.
6:17 of 3rd period - Wrist shot by Martin Frk.
6:17 of 3rd period - Shot Misses the Net.
6:19 of 3rd period - Slapshot by John Ramage.
6:19 of 3rd period - Stopped by Matt Hackett without a rebound.
6:20 of 3rd period - Martin Frk wins face-off versus Kyle Rau in Blackdemons zone.
6:41 of 3rd period - Minor Penalty to Hudson Fasching for Roughing.
6:42 of 3rd period - Patrice Cormier wins face-off versus Vincent Trocheck in Blackdemons zone.
6:51 of 3rd period - Snap shot by Matt Lashoff.
6:51 of 3rd period - Shot Blocked by Kyle Rau.
6:53 of 3rd period - Snap shot by Matt Lashoff.
6:53 of 3rd period - Shot Misses the Net.
6:55 of 3rd period - Snap shot by Mark Mancari.
6:55 of 3rd period - Shot Misses the Net.
6:57 of 3rd period - Slapshot by Matt Lashoff.
6:57 of 3rd period - Stopped by Matt Hackett with a rebound.
8:40 of 3rd period - Sergei Plotnikov is hit by Martin Frk and loses puck.
8:41 of 3rd period - Penalty to Hudson Fasching is over, Hudson Fasching is back on ice.
8:59 of 3rd period - Martin Hanzal is hit by Joseph Blandisi and loses puck.
9:11 of 3rd period - Off-side.
9:12 of 3rd period - Patrice Cormier wins face-off versus William Karlsson in neutral zone.
9:33 of 3rd period - Slapshot by Erik Condra.
9:33 of 3rd period - Stopped by Matt Hackett with a rebound.
9:39 of 3rd period - Daniel Carr is hit by Brett Kulak and loses puck.
9:58 of 3rd period - Snap shot by Ladislav Nagy.
9:58 of 3rd period - Shot Misses the Net.
10:15 of 3rd period - Alexandre Grenier is hit by William Karlsson and loses puck.
10:34 of 3rd period - James Livingstone is hit by Joseph Blandisi and loses puck.
10:45 of 3rd period - Snap shot by Dmitrij Jaskin.
10:45 of 3rd period - Shot Misses the Net.
10:59 of 3rd period - Wrist shot by Erik Condra.
10:59 of 3rd period - Stopped by Matt Hackett without a rebound.
11:00 of 3rd period - Blake Pietila wins face-off versus Tomas Tatar in Blackdemons zone.
11:00 of 3rd period - Blake Pietila is hit by Joel Edmundson.
12:15 of 3rd period - Martin Hanzal is hit by Tomas Tatar and loses puck.
12:32 of 3rd period - Off-side.
12:33 of 3rd period - Patrice Cormier wins face-off versus Jonathan Marchessault in neutral zone.
12:44 of 3rd period - Slapshot by Patrice Cormier.
12:44 of 3rd period - Shot Blocked by John Ramage.
13:19 of 3rd period - Slapshot by Joel Edmundson.
13:19 of 3rd period - Shot Blocked by Yannick Weber.
14:25 of 3rd period - Snap shot by William Karlsson.
14:25 of 3rd period - Shot Misses the Net.
14:27 of 3rd period - Slapshot by John Ramage.
14:27 of 3rd period - Deflect By Martin Frk.
14:27 of 3rd period - Stopped by Matt Hackett without a rebound.
14:28 of 3rd period - Kyle Rau wins face-off versus William Karlsson in Blackdemons zone.
14:33 of 3rd period - Wrist shot by Martin Frk.
14:33 of 3rd period - Stopped by Matt Hackett with a rebound.
14:35 of 3rd period - Slapshot by Jarred Tinordi.
14:35 of 3rd period - Shot Misses the Net.
14:37 of 3rd period - Wrist shot by William Karlsson.
14:37 of 3rd period - Shot Misses the Net.
14:39 of 3rd period - Wrist shot by Anthony Duclair.
14:39 of 3rd period - Stopped by Matt Hackett with a rebound.
14:41 of 3rd period - Wrist shot by Anthony Duclair.
14:41 of 3rd period - Stopped by Matt Hackett without a rebound.
14:42 of 3rd period - Jonathan Marchessault wins face-off versus Patrice Cormier in Blackdemons zone.
14:51 of 3rd period - Snap shot by Patrice Cormier.
14:51 of 3rd period - Shot Misses the Net.
14:53 of 3rd period - Backhand shot by Jeffrey Foss.
14:53 of 3rd period - Shot Misses the Net.
15:07 of 3rd period - Martin Hanzal is hit by Mark Mancari and loses puck.
15:16 of 3rd period - Wrist shot by Vincent Trocheck.
15:16 of 3rd period - Shot Blocked by Jeffrey Foss.
15:28 of 3rd period - Backhand shot by Jeffrey Foss.
15:28 of 3rd period - Stopped by Marek Mazanek with a rebound.
15:53 of 3rd period - Icing by Scott Timmins.
15:54 of 3rd period - Jonathan Marchessault wins face-off versus Scott Timmins in Blackdemons zone.
16:21 of 3rd period - Snap shot by Alexei Morozov.
16:21 of 3rd period - Deflect By Blake Pietila.
16:21 of 3rd period - Shot Misses the Net.
16:21 of 3rd period - Puck is out of play.
16:22 of 3rd period - Martin Hanzal wins face-off versus Vincent Trocheck in Sewer Rats zone.
16:29 of 3rd period - Wrist shot by Alexei Morozov.
16:29 of 3rd period - Shot Misses the Net.
16:31 of 3rd period - Wrist shot by Alexei Morozov.
16:31 of 3rd period - Stopped by Marek Mazanek without a rebound.
16:32 of 3rd period - Vincent Trocheck wins face-off versus Martin Hanzal in Sewer Rats zone.
16:48 of 3rd period - Off-side.
16:49 of 3rd period - Patrice Cormier wins face-off versus Jonathan Marchessault in neutral zone.
17:14 of 3rd period - Tomas Tatar is hit by Martin Hanzal and loses puck.
18:19 of 3rd period - Off-side.
18:20 of 3rd period - Martin Hanzal wins face-off versus Jonathan Marchessault in neutral zone.
18:25 of 3rd period - Slapshot by Erik Condra.
18:25 of 3rd period - Shot Misses the Net.
18:48 of 3rd period - Off-side.
18:49 of 3rd period - Patrice Cormier wins face-off versus William Karlsson in neutral zone.
19:18 of 3rd period - Off-side.
19:19 of 3rd period - Martin Hanzal wins face-off versus Vincent Trocheck in neutral zone.
19:42 of 3rd period - Wrist shot by Vincent Trocheck.
19:42 of 3rd period - Shot Misses the Net.
19:44 of 3rd period - Wrist shot by Ryan Murphy.
19:44 of 3rd period - Stopped by Matt Hackett without a rebound.
19:45 of 3rd period - Patrice Cormier wins face-off versus Jonathan Marchessault in Blackdemons zone.
19:56 of 3rd period - Daniel Carr is hit by Patrice Cormier and loses puck.
Goals for this period are 2 for Blackdemons vs 0 for Sewer Rats.
Shots for this period are 8 for Blackdemons vs 11 for Sewer Rats.